 Dungeon Crawl Stone Soup version 0.31-a0-795-g5eb97db20b (webtiles) character file.

Game seed: 11862065893461443365

131 gelatine the Firebug (level 4, -2/31 HPs)
             Began as a Demonspawn Fire Elementalist on Sept 18, 2023.
             Splashed by a jelly's acid (4 damage)
             ... on level 3 of the Dungeon.
             The game lasted 00:06:53 (2836 turns).

gelatine the Firebug (Demonspawn Fire Elementalist) Turns: 2836, Time: 00:06:55

Health: -2/31      AC: 19    Str:  8    XL:     4   Next: 91%
Magic:  7/7        EV:  0    Int: 19    God:
Gold:   144        SH:  0    Dex: 13    Spells: 5/8 levels left

rFire   . . .        o - +0 long sword
rCold   . . .        (no shield)
rNeg    + . .        k - +10 plate armour {ponderous}
rPois   .            (no helmet)
rElec   .            (no cloak)
rCorr   .            (no gloves)
SInv    .            (no boots)
Will    .....        (no amulet) Stlth
                     i - ring of positive energy
HPRegen 0.25/turn    (no ring)
MPRegen 0.10/turn

%: no passive effects
@: corroded, slow
A: slimy green scales 2, weakness stinger 1
a: no special abilities


You were on level 3 of the Dungeon.
You visited 1 branch of the dungeon, and saw 3 of its levels.

You collected 144 gold pieces.

Inventory:

Hand Weapons
 c - a +0 short sword
 o - a +0 long sword (weapon)
 p - a +0 sling
Armour
 a - a +0 robe
 k - a +10 plate armour of ponderousness (worn)
Jewellery
 i - a ring of positive energy (left hand)
Talismans
 m - a maw talisman
Wands
 e - a wand of digging (8)
Scrolls
 d - a scroll of teleportation
 g - 3 scrolls of identify {unknown}
 h - 2 scrolls of enchant weapon {unknown}
 l - 2 scrolls of blinking {unknown}
 q - a scroll of immolation {unknown}
Potions
 b - 3 potions of magic
 f - a potion of heal wounds {unknown}
 j - a potion of brilliance {unknown}
 n - a potion of degeneration {unknown}


   Skills:
 * Level 0.6 Fighting
 + Level 0.5(1.0) Short Blades
 * Level 1.0(1.1) Long Blades
 + Level 0.4 Ranged Weapons
 * Level 1.1 Armour
 + Level 2.0 Dodging
 + Level 1.9 Stealth
 + Level 2.5 Spellcasting
 + Level 1.5 Conjurations
 + Level 3.7 Fire Magic


You had 5 spell levels left.
You knew the following spells:

 Your Spells              Type           Power      Damage    Failure   Level
a - Foxfire               Conj/Fire      48%        2x1d6     100%        1
b - Scorch                Fire           32%        2d6       100%        2

Your spell library contained the following spells:

 Spells                   Type           Power      Damage    Failure   Level
 Inner Flame              Hex/Fire       9%         N/A       100%        3
 Volatile Blastmotes      Fire/Tloc      18%        2d11      100%        3
 Flame Wave               Conj/Fire      12%        2d6       100%        4


Dungeon Overview and Level Annotations

Branches:
Dungeon (3/15)

Altars:
Ashenzari

Shops:
D:2 *


Innate Abilities, Weirdness & Mutations

You are mostly covered in slimy green scales. (AC +3)
You have a small tail.


Message History

You tail-slap the jelly, but do no damage.
The jelly is almost dead.
The jelly hits you but does no damage. The endoplasm freezes you.
You are frozen.
The jelly hits you but does no damage. x2
Unknown command.
You hit the jelly.
Your hands burn!
You tail-slap the jelly, but do no damage.
The jelly is almost dead.
The jelly hits you but does no damage. The endoplasm freezes you.
You are frozen.
The jelly hits you but does no damage. x3
You hit the jelly.
You kill the jelly!
The endoplasm hits you but does no damage.
The jelly hits you but does no damage. x2
The endoplasm hits you but does no damage.
The jelly hits you but does no damage. x2
The endoplasm hits you but does no damage.
Your Long Blades skill increases to level 1!
Your Armour skill increases to level 1!
You hit the endoplasm.
The endoplasm is heavily wounded.
The endoplasm hits you but does no damage. x2
The jelly hits you but does no damage.
The jelly jiggles.
The jelly hits you but does no damage.
You hit the endoplasm but do no damage. You tail-slap the endoplasm.
The endoplasm is severely wounded.
The endoplasm hits you but does no damage. x2
The jelly hits you.
You are splashed with acid.
* * * LOW HITPOINT WARNING * * *
The jelly hits you but does no damage. The endoplasm freezes you.
You are frozen.
* * * LOW HITPOINT WARNING * * *
The jelly hits you.
* * * LOW HITPOINT WARNING * * *
You are splashed with acid.
You die...

.................................
#####.#############..##.#.#.#.###
#####.# ###########...........###
......# $P.P.P.P.##..##.#.#......
......# .P......÷##...........###
###.#.# .÷.P.P÷..##.###..........
# #.#.# ...P÷÷..J##.......#......
# #.#.# .P....JJJ##.......#...##.
###+#.# ...P..JJ@##..............
#.....# #######J###........|)....
#.....###...)..## #..............
+.....##.######## #..............
#.....###..'....# #.#####........
.###########....###.#######..#.#.
.......##.......##...............
.......##.......##...............
###.#####.......##..###.......>##


You could see 2 jellies and 5 endoplasms.

Vanquished Creatures
  A jelly (D:3)
  4 adders
  A worm (D:3)
  4 orcs (D:3)
  4 bats
  4 endoplasms
  2 giant cockroaches (D:1)
  4 goblins
  10 hobgoblins
  9 kobolds
  3 quokkas (D:1)
  3 ball pythons
  6 frilled lizards
  5 rats
60 creatures vanquished.

Vanquished Creatures (others)
  116 foxfires
116 creatures vanquished.

Grand Total: 176 creatures vanquished

Notes
Turn   | Place    | Note
-------+----------+-------------------------------------------
     0 | D:1      | gelatine the Demonspawn Fire Elementalist began the quest
                  | for the Orb.
     0 | D:1      | Reached XP level 1. HP: 13/13 MP: 3/3
   191 | D:1      | Reached skill level 3 in Fire Magic
   191 | D:1      | Gained mutation: You have a small tail. [demonic ancestry]
   191 | D:1      | Reached XP level 2. HP: 19/19 MP: 0/5
   817 | D:1      | Learned a level 2 spell: Scorch
  1279 | D:1      | Gained mutation: You are partially covered in slimy green
                  | scales. (AC +2) [demonic ancestry]
  1279 | D:1      | Reached XP level 3. HP: 24/24 MP: 3/6
  1442 | D:2      | Found a broken altar of Ashenzari.
  1593 | D:2      | Found Failat's Assorted Antiques.
  2178 | D:3      | Gained mutation: You are mostly covered in slimy green
                  | scales. (AC +3) [demonic ancestry]
  2178 | D:3      | Reached XP level 4. HP: 29/30 MP: 7/7
  2661 | D:3      | HP: 1/31 [poisoned by a kobold]
  2835 | D:3      | Reached skill level 1 in Long Blades
  2835 | D:3      | Reached skill level 1 in Armour
  2836 | D:3      | Splashed by a jelly's acid

Illustrated notes

Levels and vault maps discovered:
D:1:      amcnicky_arrival_single_pillar, layout_basic,
          chequers_serial_rivers_micro_b
D:2:      layout_basic, serial_shops, nicolae_shop_back_alley_shop, basic_altar
D:3:      cheibrodos_fertilizer, layout_basic

Skill      XL: |  1  2  3  4 |
---------------+-------------+-----
Dodging        | 2 |  2.0
Fire Magic     | 3 |  3.7
Long Blades    | 1 |  1.0
Armour         | 1 |  1.1
Fighting       | |  0.6
Short Blades   | |  0.5
Ranged Weapons | |  0.4
Stealth        | |  1.9
Spellcasting   | |  2.5
Conjurations   | |  1.5

Action                     |  1- 3 |  4- 6 || total
---------------------------+-------+-------++-------
  Melee: Short sword       |    53 |       ||    53
         Tailslap          |     5 |     8 ||    13
         Punch             |     1 |     2 ||     3
         Long sword        |       |    35 ||    35
   Fire: Sling             |       |    29 ||    29
   Cast: Foxfire           |    69 |       ||    69
         Scorch            |     2 |       ||     2
    Use: Potion            |       |     3 ||     3
         Scroll            |       |     2 ||     2
 Armour: Robe              |     9 |       ||     9
         Plate armour      |    59 |   127 ||   186
  Dodge: Dodged            |     7 |     4 ||    11

Table legend: (Time is in decaauts)
 A = Elapsed time spent in this place.
 B = Non-inter-level travel time spent in this place.
 C = Inter-level travel time spent in this place.
 D = Time resting spent in this place.
 E = Time spent auto-exploring this place.
 F = Levels seen in this place.
 G = Mean time per level.
                   A        B        C        D        E       F      G
               +--------+--------+--------+--------+--------+-----+--------+
         Total |   2954 |   2916 |     38 |      0 |   2392 |   3 |  984.7 |
       Dungeon |   2954 |   2916 |     38 |      0 |   2392 |   3 |  984.7 |
               +--------+--------+--------+--------+--------+-----+--------+

Top non-repeatable levels by time:
     D:1: 1372 daAuts
     D:3: 1072 daAuts
     D:2: 509 daAuts
